Map: [ESL] Cosmic Sapphire

Players

Creator - Winner!

  • Race: Protoss Protoss
  • Spawn Location: 5:00

Astrea

  • Race: Protoss Protoss
  • Spawn Location: 11:00

Event: DreamHack SC2 Masters 2022 Valencia

VOD

Have the link to the VOD?

Description

Time

  • Played on: July 1, 2022, 1:38 p.m.
  • Length: 14:35

All games in this series

Show
View Real Time Build Order
Export as new Build Order

Creator Protoss - Winner!

Build Orders: Blink Stalkers 

Get SALT Encoding   

  12  0:00  Probe  
  13  0:12  Probe  
  14  0:17  Pylon  
  14  0:24  Probe (Chrono Boost)  
  15  0:36  Probe (Chrono Boost)  
  15  0:37  Gateway  
  16  0:44  Probe (Chrono Boost)  
  16  0:45  Assimilator  
  17  0:51  Probe  
  18  1:00  Assimilator  
  18  1:03  Probe (Chrono Boost)  
  19  1:08  Gateway  
  19  1:13  Probe (Chrono Boost)  
  20  1:18  Probe (Chrono Boost)  
  21  1:27  Cybernetics Core  
  21  1:29  Probe  
  22  1:37  Pylon  
  22  1:41  Probe  
  23  1:55  Probe  
  24  2:03  Stalker x2  
  24  2:04  Warp Gate  
  28  2:11  Pylon  
  28  2:23  Pylon  
  28  2:33  Stalker x2  
  31  2:52  Nexus  
  31  3:09  Twilight Council  
  31  3:12  Shield Battery  
  31  3:19  Probe  
  32  3:30  Shield Battery  
  32  3:32  Probe  
  33  3:35  Pylon  
  33  3:37  Blink (Chrono Boost)  
  33  3:38  Shield Battery  
  33  3:58  Probe  
  33  3:59  Stalker x2  
  38  4:08  Probe  
  37  4:11  Shield Battery  
  37  4:18  Probe  
  37  4:23  Probe  
  37  4:24  Stalker x2  
  43  4:36  Probe x2  
  45  4:38  Shield Battery  
  45  4:48  Stalker x2  
  45  4:50  Probe x2  
  51  5:02  Probe x2  
  53  5:14  Stalker x2  
  53  5:17  Probe  
  53  5:18  Probe  
  59  5:27  Robotics Facility  
  55  5:30  Gateway  
  55  5:32  Probe x2  
  55  5:39  Stalker x2, Pylon  
  59  5:44  Probe  
  59  5:45  Probe  
  61  5:58  Nexus  
  61  6:00  Probe x2  
  61  6:03  Sentry  
  65  6:06  Pylon  
  65  6:08  Stalker  
  65  6:09  Charge (Chrono Boost)  
  67  6:17  Probe  
  68  6:23  Observer (Chrono Boost)  
  69  6:32  Probe x2  
  69  6:33  Stalker  
  69  6:34  Assimilator  
  69  6:35  Gateway  
  69  6:37  Stalker  
  69  6:39  Zealot  
  75  6:45  Probe x2  
  70  6:57  Probe (Chrono Boost)  
  70  6:58  Probe (Chrono Boost)  
  69  7:06  Pylon  
  69  7:09  Probe (Chrono Boost)  
  69  7:10  Probe (Chrono Boost)  
  69  7:15  Stalker x2  
  74  7:17  Probe (Chrono Boost)  
  74  7:20  Stalker  
  78  7:30  Immortal (Chrono Boost)  
  82  7:41  Stalker, Zealot  
  82  7:43  Probe x3  
  89  7:44  Shield Battery  
  89  7:50  Stalker x2  
  92  8:01  Warp Prism (Chrono Boost)  
  90  8:08  Zealot  
  90  8:09  Zealot  
  94  8:18  Stalker x2  
  92  8:37  Stalker x2  
  94  8:48  Stalker  
  94  8:50  Stalker  
  94  8:53  Probe x3  
  95  9:01  Gateway  
  95  9:03  Gateway  
  95  9:06  Zealot x2  
  95  9:09  Probe x2  
  101  9:16  Stalker  
  101  9:23  Pylon  
  101  9:27  Observer  
  100  9:33  Pylon  
  100  9:35  Pylon  
  98  9:40  Zealot  
  98  9:41  Stalker  
  98  9:44  Stalker  
  101  9:59  Stalker  
  103  10:03  Pylon, Probe x3, Gateway  
  103  10:04  Sentry  
  108  10:15  Stalker x2  
  112  10:23  Pylon  
  112  10:24  Pylon  
  112  10:26  Zealot  
  114  10:28  Zealot  
  114  10:30  Stalker  
  114  10:31  Zealot  
  120  10:41  Zealot x2  
  124  10:46  Zealot x2  
  124  10:49  Observer (Chrono Boost)  
  128  10:57  Zealot x2  
  128  10:58  Zealot  
  128  11:01  Zealot x2  
  138  11:10  Stalker  
  136  11:13  Zealot  
  135  11:20  Stalker  
  135  11:23  Zealot x2  
  139  11:31  Stalker x2  
  143  11:33  Observer (Chrono Boost)  
  143  11:36  Pylon  
  131  12:15  Observer  
  124  12:31  Unknown  
  122  13:24  Observer  
Show
View Real Time Build Order
Export as new Build Order

Astrea Protoss 

Build Orders: Oracle Opening 

Get SALT Encoding   

  12  0:00  Probe  
  13  0:12  Probe  
  14  0:17  Pylon  
  14  0:24  Probe (Chrono Boost)  
  16  0:35  Gateway  
  16  0:36  Probe (Chrono Boost)  
  16  0:43  Probe (Chrono Boost)  
  16  0:45  Assimilator  
  17  0:51  Probe  
  17  0:54  Assimilator  
  18  1:03  Probe (Chrono Boost)  
  19  1:07  Gateway  
  20  1:12  Probe (Chrono Boost)  
  20  1:17  Probe (Chrono Boost)  
  20  1:23  Cybernetics Core  
  21  1:29  Probe  
  22  1:36  Pylon  
  22  1:41  Probe  
  23  1:54  Probe  
  23  2:00  Warp Gate, Adept x2  
  28  2:06  Probe  
  29  2:12  Pylon  
  29  2:17  Shield Battery  
  29  2:26  Pylon  
  29  2:32  Stalker  
  29  2:35  Stalker  
  33  2:43  Stargate  
  33  3:04  Nexus  
  33  3:11  Probe  
  34  3:24  Probe  
  34  3:25  Oracle (Chrono Boost)  
  35  3:30  Pylon  
  38  3:36  Probe  
  38  3:37  Shield Battery  
  39  3:53  Stalker x2  
  38  4:05  Probe  
  39  4:17  Probe  
  39  4:21  Oracle (Chrono Boost), Probe  
  39  4:29  Probe  
  43  4:33  Twilight Council, Probe  
  43  4:36  Shield Battery  
  44  4:41  Probe  
  44  4:45  Probe  
  44  4:53  Probe  
  44  4:57  Probe  
  44  4:59  Stalker x2  
  50  5:07  Probe  
  47  5:12  Probe  
  45  5:19  Probe  
  45  5:23  Stalker x2  
  45  5:24  Probe  
  46  5:28  Blink (Chrono Boost)  
  46  5:31  Probe  
  47  5:37  Probe  
  48  5:43  Probe  
  48  5:46  Gateway  
  48  5:49  Probe, Adept x2  
  54  5:55  Pylon, Probe  
  55  6:02  Probe  
  56  6:07  Gateway  
  56  6:08  Probe  
  57  6:14  Probe  
  57  6:15  Stalker  
  57  6:17  Stalker  
  62  6:23  Probe  
  59  6:35  Shield Battery  
  59  6:43  Stalker x3  
  59  6:44  Probe  
  59  6:46  Probe  
  61  7:00  Probe  
  62  7:05  Robotics Facility  
  62  7:07  Stalker  
  62  7:08  Stalker  
  67  7:10  Pylon, Assimilator  
  67  7:13  Stalker  
  68  7:25  Nexus  
  68  7:30  Adept x2  
  68  7:36  Pylon  
  72  7:39  Stalker  
  74  7:44  Probe x2  
  72  7:56  Probe x2  
  65  8:08  Stalker x4, Probe  
  65  8:10  Observer  
  75  8:13  Shield Battery  
  75  8:14  Pylon  
  75  8:18  Probe  
  69  8:32  Stalker x4  
  77  8:38  Shield Battery  
  74  8:57  Stalker x2  
  74  9:00  Pylon  
  74  9:01  Pylon  
  77  9:20  Stalker x3  
  77  9:21  Stalker  
  83  9:40  Gateway x2  
  83  9:44  Stalker x4  
  92  9:53  Observer  
  92  9:57  Pylon  
  92  9:59  Pylon  
  92  10:08  Adept  
  93  10:19  Dark Shrine  
  91  10:21  Nexus  
  91  10:22  Observer  
  92  10:31  Adept x2  
  92  10:33  Stalker x2  
  100  10:50  Pylon  
  100  10:52  Stalker  
  102  10:57  Pylon  
  102  11:08  Observer  
  102  11:10  Stalker x3  
  102  11:11  Stalker x2  
  99  11:36  Shield Battery  
  99  11:37  Dark Templar  
  101  11:41  Zealot x5  
  79  12:06  Dark Templar x2  
  79  12:08  Shield Battery  
  78  12:14  Shield Battery  
  71  12:17  Shield Battery  
  71  12:42  Pylon  
  71  12:43  Pylon  
  71  12:47  Pylon  
  71  12:52  Observer  

Tags
 
Add a new tag
Caveats
  • Supply blocks, unpowered buildings, or Contaminate may cause inaccurate times.
  • Supply counts are checked every 10 seconds.